 Dungeon Crawl Stone Soup version 0.28-a0-604-g249bb1af34 (webtiles) character file.

Game seed: 2810312295421244546

44 CurlyBrace the Firebug (level 3, 0/14 HPs)
             Began as a Felid Fire Elementalist on Oct 5, 2021.
             Slain by an orc (7 damage)
             ... on level 5 of the Dungeon.
             The game lasted 00:04:59 (393 turns).

CurlyBrace the Firebug (Felid Fire Elementalist)     Turns: 393, Time: 00:05:00

Health: 0/14       AC:  1    Str:  5    XL:     3   Next: 39%
Magic:  0/8        EV: 17    Int: 16    God:
Gold:   50         SH:  0    Dex: 16    Spells: 4/7 levels left
                                        Lives:  0   Deaths: 0

rFire   . . .      SeeInvis +   (weapon unavailable)
rCold   . . .      Faith    .   (shield unavailable)
rNeg    . . .      Spirit   .   (armour unavailable)
rPois   .          Reflect  .   (helmet unavailable)
rElec   .          Harm     .   (cloak unavailable)
rCorr   .          Rampage  .   (gloves unavailable)
Will    .....                   (boots unavailable)
Stlth   ++........              (no amulet)
HPRegen 0.04/turn               (no ring)
MPRegen 0.11/turn               (no ring)

@: very slightly contaminated, quick
A: very small, claws 1, fangs 3, see invisible, speed 1, shaggy fur 1, stealthy
paws, no weapons or thrown items, no armour, multi-lived
a: no special abilities


You were on level 5 of the Dungeon.
You visited 1 branch of the dungeon, and saw 5 of its levels.

You collected 50 gold pieces.

Inventory:

Jewellery
 c - the ring of Qimi {rElec rF+ Int-4 SInv}
   (You found it on level 4 of the Dungeon)

   [ring of protection from fire]

   Int:       It affects your intelligence (-4).
   rF:        It protects you from fire.
   rElec:     It insulates you from electricity.
   SInv:      It lets you see invisible.
Wands
 a - a wand of charming (4)
   (You found it on level 4 of the Dungeon)
Scrolls
 d - a scroll of enchant weapon {unknown}
Potions
 b - 2 potions of attraction


   Skills:
 - Level 2.6 Dodging
 - Level 3.0 Stealth
 * Level 2.7 Spellcasting
 + Level 1.3 Conjurations
 * Level 3.2 Fire Magic
 + Level 0.7 Evocations


You had 4 spell levels left.
You knew the following spells:

 Your Spells              Type           Power      Damage    Failure   Level
a - Foxfire               Conj/Fire      36%        2x1d5     8%          1
b - Scorch                Fire           24%        2d6       8%          2

Your spell library contained the following spells:

 Spells                   Type           Power      Damage    Failure   Level
 Conjure Flame            Conj/Fire      9%         6-21      22%         3
 Inner Flame              Hex/Fire       7%         N/A       30%         3
 Flame Wave               Conj/Fire      9%         3d4       58%         4


Dungeon Overview and Level Annotations

Branches:
Dungeon (5/15)
 Temple: D:4-7

Altars:


Innate Abilities, Weirdness & Mutations

You have sharp claws.
You have razor-sharp teeth.
You have supernaturally acute eyesight. (SInv)
You cover ground quickly. (Speed+)
You are covered in fur. (AC +1)
Your paws help you pounce on unaware monsters.
You are incapable of wielding weapons or throwing items.
You cannot wear armour.
You gain extra lives every three experience levels.


Message History

You can't see that place. [the floor.]
Things that are here:
a +0 war axe; a +0 leather armour; an orc corpse
Casting: Foxfire (safe; 8% risk of failure)
Confirm with . or Enter, or press ? or * to list all spells.
You miscast Foxfire.
You are very lightly contaminated with residual magic.
Nothing appears to happen.
Casting: Foxfire (safe; 8% risk of failure)
Confirm with . or Enter, or press ? or * to list all spells.
You conjure some foxfire!
The foxfire hits the orc but does no damage.
The foxfire hits the orc.
The orc is lightly wounded.
Casting: Foxfire (safe; 8% risk of failure)
Confirm with . or Enter, or press ? or * to list all spells.
You conjure some foxfire!
Casting: Foxfire (safe; 8% risk of failure)
Confirm with . or Enter, or press ? or * to list all spells.
You miscast Foxfire.
Nothing appears to happen.
The foxfire hits the orc.
The orc is heavily wounded.
The foxfire hits the orc.
The orc is severely wounded.
You scratch the orc but do no damage.
The orc is severely wounded.
The orc closely misses you.
Unknown command.
You scratch the orc but do no damage.
The orc is severely wounded.
The orc closely misses you.
Unknown command.
You scratch the orc but do no damage.
The orc is severely wounded.
The orc misses you.
Casting: Foxfire (safe; 8% risk of failure)
Confirm with . or Enter, or press ? or * to list all spells.
You conjure some foxfire!
The orc hits you with a +0 hand axe!
Ouch! That really hurt!
You die...

################
#o.....#.......#
#......#.......#
#......'...v...#
#.....)#..o@...#
#########).v....###
#........########...
#........#..........
#........'..........
#......).#..........
#........#..........
#........#..........
#........#..........


You could see an orc (ally target).

Vanquished Creatures
  A hound (D:5)
  2 orcs (D:5)
  A giant cockroach (D:1)
  A goblin (D:2)
  2 hobgoblins
  2 kobolds (D:1)
  A bat (D:1)
  2 rats
12 creatures vanquished.

Vanquished Creatures (others)
  31 foxfires
31 creatures vanquished.

Grand Total: 43 creatures vanquished

Notes
Turn   | Place    | Note
-------+----------+-------------------------------------------
     0 | D:1      | CurlyBrace the Felid Fire Elementalist began the quest for
                  | the Orb.
     0 | D:1      | Reached XP level 1. HP: 7/7 MP: 4/4
    69 | D:1      | Reached skill level 1 in Conjurations
   134 | D:2      | Reached XP level 2. HP: 5/11 MP: 1/6
   203 | D:2      | Learned a level 2 spell: Scorch
   263 | D:4      | Identified the ring of Qimi {rElec rF+ Int-4 SInv}
   306 | D:5      | Entered Level 5 of the Dungeon
   331 | D:5      | Reached XP level 3. HP: 5/14 MP: 0/7
   393 | D:5      | Slain by an orc

Illustrated notes

Levels and vault maps discovered:
D:1:      minmay_arrival_glassed_features, layout_basic, basic_ecumenical_altar
D:2:      cheibrodos_pilgrimage, layout_basic, serial_shops, nicolae_square_shop
D:3:      layout_basic, serial_shops, shop
D:4:      layout_basic, serial_shops, nicolae_shop_trees,
          hangedman_decor_growths
D:5:      minmay_opposing_rooms, layout_gridville,
          minmay_temple_entry_butterflies

Skill      XL: |  1  2 |
---------------+-------+-----
Conjurations   | 1 |  1.3
Stealth        | 3 |  3.0
Fire Magic     | 3 |  3.2
Dodging        | |  2.6
Spellcasting   | |  2.7
Evocations     | |  0.7

Action                   || total
-------------------------++-------
Melee: Unarmed           ||     9
 Cast: Foxfire           ||    21
       Scorch            ||     1
  Use: Scroll            ||     2
 Stab: Sleeping          ||     4
Dodge: Dodged            ||    11

Table legend: (Time is in decaauts)
 A = Elapsed time spent in this place.
 B = Non-inter-level travel time spent in this place.
 C = Inter-level travel time spent in this place.
 D = Time resting spent in this place.
 E = Time spent auto-exploring this place.
 F = Levels seen in this place.
 G = Mean time per level.
                   A        B        C        D        E       F      G
               +--------+--------+--------+--------+--------+-----+--------+
         Total |    332 |    322 |     10 |      0 |      0 |   5 |   66.4 |
       Dungeon |    332 |    322 |     10 |      0 |      0 |   5 |   66.4 |
               +--------+--------+--------+--------+--------+-----+--------+

Top non-repeatable levels by time:
     D:2: 99 daAuts
     D:1: 87 daAuts
     D:5: 74 daAuts
     D:4: 37 daAuts
     D:3: 33 daAuts
